 Dungeon Crawl Stone Soup version 0.29.1-15-g9cfb28693d (webtiles) character file.

Game seed: 17588638766872450512

760 safid the Chiller (level 7, -4/56 HPs)
             Began as a Merfolk Ice Elementalist on Apr 18, 2023.
             Slain by an ogre
             ... wielding a +0 giant club
              (21 damage)
             ... on level 5 of the Dungeon.
             The game lasted 00:07:10 (5109 turns).

safid the Chiller (Merfolk Ice Elementalist)        Turns: 5109, Time: 00:07:11

Health: -4/56      AC: 10    Str:  8    XL:     7   Next: 80%
Magic:  8/14       EV: 12    Int: 23    God:
Gold:   201        SH:  0    Dex: 14    Spells: 8/15 levels left

rFire   . . .      SeeInvis .   c - +0 triple crossbow
rCold   . . .      Faith    .   (shield currently unavailable)
rNeg    . . .      Spirit   .   a - +0 robe
rPois   .          Reflect  .   (no helmet)
rElec   .          Harm     .   (no cloak)
rCorr   .          Rampage  .   (no gloves)
Will    .....                   q - +0 pair of boots
Stlth   ++........              (no amulet)
HPRegen 0.18/turn               k - +6 ring of intelligence
MPRegen 0.14/turn               (no ring)

@: ice-armoured, freezing walls
A: (nimble swimmer 2), mertail
a: no special abilities


You were on level 5 of the Dungeon.
You visited 1 branch of the dungeon, and saw 6 of its levels.

You collected 201 gold pieces.

Inventory:

Hand Weapons
 c - a +0 triple crossbow (weapon)
 t - a +4 hand axe
Armour
 a - a +0 robe (worn)
 q - a +0 pair of boots (worn)
Jewellery
 k - a +6 ring of intelligence (left hand)
Wands
 r - a wand of flame (15)
Scrolls
 d - a scroll of amnesia {unknown}
 e - a scroll of teleportation {unknown}
 f - a scroll of immolation {unknown}
 h - 2 scrolls of blinking {unknown}
 i - 5 scrolls of identify {unknown}
 j - a scroll of vulnerability {unknown}
 l - a scroll of fear {unknown}
 n - 2 scrolls of poison {unknown}
 o - a scroll of enchant armour {unknown}
Potions
 b - a potion of magic
 g - a potion of lignification
 m - a potion of mutation {unknown}
 p - 3 potions of degeneration {unknown}
 s - 2 potions of curing
 u - a potion of flight {unknown}
 v - a potion of might {unknown}


   Skills:
 + Level 5.1 Fighting
 - Level 2.6 Dodging
 - Level 2.1 Stealth
 + Level 4.8 Spellcasting
 + Level 6.9 Ice Magic


You had 8 spell levels left.
You knew the following spells:

 Your Spells              Type           Power      Damage    Failure   Level
a - Freeze                Ice            100%       1d11      1%          1
b - Frozen Ramparts       Ice            74%        1d12      1%          3
c - Ozocubu's Armour      Ice            37%        N/A       1%          3

Your spell library contained the following spells:

 Spells                   Type           Power      Damage    Failure   Level
 Hailstorm                Conj/Ice       21%        3d6       24%         4
 Call Canine Familiar     Summ           5%         N/A       28%         3
 Portal Projectile        Hex/Tloc       10%        N/A       28%         3
 Leda's Liquefaction      Hex/Erth       2%         N/A       67%         4


Dungeon Overview and Level Annotations

Branches:
Dungeon (6/15)
 Temple: D:4-7

Altars:
Cheibriados
Ru

Shops:
D:3 :

Annotations:
D:5 exclusion: black bear
D:6 exclusion: black bear


Innate Abilities, Weirdness & Mutations

((You are very nimble when in or above water. (Stealth+, EV+, Speed+++)))
Your lower body shifts to a powerful aquatic tail in water.


Message History

The frozen ramparts melt away.
The quokka bites you but does no damage. x3
Casting: Ozocubu's Armour (safe; 1% risk of failure)
Confirm with . or Enter, or press ? or * to list all spells.
Casting: Frozen Ramparts (safe; 1% risk of failure)
Press: ? - help, Dir - look around, f - activate The walls around you are covered in ice.
The wall freezes the quokka.
You kill the quokka!
Unknown command.
Unknown command.
The frozen ramparts melt away.
Your icy armour starts to melt.
Your icy armour evaporates.
Magic restored.
An ogre comes into view. It is wielding a +0 giant club.
Fire: c) +0 triple crossbow
Press: ? - help, Q - select action, (/) - cycle Shift-Dir - straight line, f - ogre
Aim: an ogre, wielding a +0 giant club (wandering, hasn't noticed you, 71% to hit)
You shoot a bolt. The bolt barely misses the ogre.
Unknown command.
Casting: Frozen Ramparts (safe; 1% risk of failure)
Confirm with . or Enter, or press ? or * to list all spells.
You can't see any susceptible monsters within range! (Use Z to cast anyway.) Unknown command.
Things that are here:
a +0 giant spiked club; a +0 giant spiked club
Casting: Frozen Ramparts (safe; 1% risk of failure)
Confirm with . or Enter, or press ? or * to list all spells.
Casting: Frozen Ramparts (safe; 1% risk of failure)
Press: ? - help, Dir - look around, f - activate The walls around you are covered in ice.
The wall freezes the ogre!
Casting: Frozen Ramparts (safe; 1% risk of failure)
Confirm with . or Enter, or press ? or * to list all spells.
A film of ice covers your body!
The wall freezes the ogre!
The ogre hits you with a +0 giant club!!
The wall freezes the ogre.
The ogre hits you with a +0 giant club!!
You die...

.... ...###... #..
... #..##... #..
..## ##...[.. #..
..###....... ###.##
##..##.......
....###..###.......
....#..##.##.(....
#..###..#.#...####
#@##.##...).###
#.O#.#..#.###
#.##......#.########
#.(.....#.#.........
#######.#..########.
#.##........'.
#.###.....###.
#.####....# #.
#......#..###.


You could see an ogre.

Vanquished Creatures
  A steam dragon (D:5)
  2 ogres (D:5)
  2 bullfrogs
  2 scorpions
  A hound (D:6)
  Ijyb (D:3)
  An iguana (D:5)
  Jessica (D:3)
  An orc wizard (D:5)
  2 adders
  A worm (D:2)
  3 dart slugs
  5 orcs
  6 ball pythons
  2 endoplasms
  2 giant cockroaches
  5 hobgoblins
  4 jackals (D:3)
  9 kobolds
  4 quokkas
  2 bats
  A frilled lizard (D:3)
  3 goblins
  4 rats
65 creatures vanquished.

Notes
Turn   | Place    | Note
-------+----------+-------------------------------------------
     0 | D:1      | safid the Merfolk Ice Elementalist began the quest for the
                  | Orb.
     0 | D:1      | Reached XP level 1. HP: 13/13 MP: 3/3
   610 | D:1      | Reached XP level 2. HP: 20/20 MP: 3/5
   694 | D:1      | Reached skill level 1 in Fighting
  1146 | D:2      | Found a sacrificial altar of Ru.
  1649 | D:2      | Reached XP level 3. HP: 26/26 MP: 4/6
  1739 | D:2      | Found a faded altar of an unknown god.
  2011 | D:3      | Noticed Jessica
  2029 | D:3      | Killed Jessica
  2030 | D:3      | Reached skill level 5 in Ice Magic
  2030 | D:3      | Reached XP level 4. HP: 19/33 MP: 0/8
  2034 | D:3      | Learned a level 3 spell: Frozen Ramparts
  2038 | D:3      | Learned a level 3 spell: Ozocubu's Armour
  2357 | D:3      | Found Zeahe's Book Boutique.
  2559 | D:3      | Noticed Ijyb
  2570 | D:3      | Killed Ijyb
  3171 | D:4      | Noticed a bullfrog
  3175 | D:4      | Reached XP level 5. HP: 35/39 MP: 9/9
  3255 | D:4      | You fall into a shaft and drop 2 floors!
  3265 | D:6      | Noticed a black bear
  3283 | D:6      | Reached XP level 6. HP: 22/47 MP: 3/11
  3538 | D:6      | Reached skill level 6 in Ice Magic
  3755 | D:5      | Entered Level 5 of the Dungeon
  3844 | D:5      | Noticed a black bear
  3878 | D:5      | Reached XP level 7. HP: 51/54 MP: 9/13
  3977 | D:5      | Noticed a steam dragon
  3981 | D:5      | Killed a steam dragon
  4417 | D:4      | Found a snail-covered altar of Cheibriados.
  5018 | D:5      | Reached skill level 5 in Fighting
  5109 | D:5      | Slain by an ogre

Illustrated notes

Levels and vault maps discovered:
D:1:      dpeg_arrival_fog, layout_basic
D:2:      layout_loops_ring, shapermc_ecumenical_altar_mp_vishouse, basic_altar
D:3:      layout_basic, serial_shops, shop, minivault_4,
          hangedman_feature_mirror, uniq_ijyb, uniq_jessica
D:4:      layout_cave_pods, kennysheep_slug_shrine
D:5:      layout_basic, minmay_between, uniq_grinder
D:6:      layout_loops_ring

Skill      XL: |  1  2  3  4  5  6  7 |
---------------+----------------------+-----
Fighting       | 1 2 3 4 5 |  5.1
Ice Magic      | 5 6 |  6.9
Spellcasting   | 3 4 |  4.8
Dodging        | |  2.6
Stealth        | |  2.1

Action                   |  1- 3 |  4- 6 |  7- 9 || total
-------------------------+-------+-------+-------++-------
Melee: Dagger            |    26 |    23 |       ||    49
       Hand axe          |       |     4 |       ||     4
 Fire: Triple crossbow   |       |    14 |    18 ||    32
 Cast: Freeze            |    27 |    20 |       ||    47
       Frozen Ramparts   |       |     7 |     4 ||    11
       Ozocubu's Armour  |       |     1 |     2 ||     3
  Use: Potion            |     2 |       |       ||     2
 Stab: Sleeping          |     5 |     5 |       ||    10
Armor: Robe              |    15 |    13 |     4 ||    32
       Skin              |     3 |       |       ||     3
Dodge: Dodged            |    36 |    40 |     9 ||    85
